 Dungeon Sprint DCSS version 0.21-a0-401-g0b6bec4 (webtiles) character file.

258 pipel the Arsonist (level 5, -13/28 HPs)
             Began as a Deep Elf Fire Elementalist on Oct 25, 2017.
             Was an Elder of Vehumet.
             Killed from afar by a hungry ghost (37 damage)
             ... with an exploding inner flame
             ... hexed by the player character
             ... in the Dungeon (Sprint VII: "The Pits").
             The game lasted 00:05:38 (1076 turns).

pipel the Arsonist (Deep Elf Fire Elementalist)     Turns: 1076, Time: 00:05:39

Health: -13/28     AC:  2    Str:  5    XL:     5   Next: 94%
Magic:  14/18      EV: 15    Int: 20    God:    Vehumet [****..]
Gold:   0          SH:  0    Dex: 16    Spells: 3/21 levels left

rFire    . . .     SeeInvis .   a - +1 trident (pierce)
rCold    . . .     Gourm    .   (no shield)
rNeg     . . .     Faith    .   m - +0 robe
rPois    .         Spirit   .   (no helmet)
rElec    .         Reflect  .   (no cloak)
rCorr    .         Harm     .   (no gloves)
MR       .....     NoTele   +   (no boots)
Stlth    +++.......             (no amulet)
HPRegen  0.09/turn              (no ring)
MPRegen  0.16/turn              (no ring)

@: no status effects
A: no striking features
a: Renounce Religion


You were in the Dungeon.
You worshipped Vehumet.
Vehumet was greatly pleased with you.
You were not hungry.

You visited 1 branch

Inventory:

Hand Weapons
 a - a +1 trident of piercing (weapon)
 u - a +2 trident
Missiles
 l - 10 stones (quivered)
Armour
 m - a +0 robe (worn)
Magical Staves
 b - an uncursed staff of energy
Scrolls
 i - a scroll of blinking
 n - 3 scrolls of remove curse
 o - 5 scrolls of amnesia
 p - a scroll of summoning
 q - 2 scrolls of vulnerability
Potions
 d - 6 potions of curing
 e - 6 potions of heal wounds
 f - a potion of haste
 g - 4 potions of magic
 h - 3 potions of berserk rage
 k - 2 potions of invisibility
Books
 j - a book of Flames

   Spells                             Type                      Level
   a - Flame Tongue                   Conjuration/Fire             1
   b - Throw Flame                    Conjuration/Fire             2
   c - Conjure Flame                  Conjuration/Fire             3
   d - Inner Flame                    Hexes/Fire                   3
   e - Sticky Flame                   Conjuration/Fire             4
   f - Fireball                       Conjuration/Fire             5
Comestibles
 c - 7 bread rations
 r - 40 fruits
 s - 7 meat rations


   Skills:
 + Level 0.6 Fighting
 + Level 1.2 Polearms
 + Level 0.7 Throwing
 + Level 5.1 Dodging
 + Level 4.5 Stealth
 + Level 8.8 Spellcasting
 + Level 4.7 Conjurations
 + Level 9.2 Fire Magic
 + Level 1.1 Evocations


You had 3 spell levels left.
You knew the following spells:

 Your Spells              Type           Power        Failure   Level  Hunger
a - Flame Tongue          Conj/Fire      #####        1%          1    None
b - Throw Flame           Conj/Fire      #####.       1%          2    None
c - Inner Flame           Hex/Fire       ####....     1%          3    None
d - Sticky Flame          Conj/Fire      #####...     1%          4    ###....
e - Conjure Flame         Conj/Fire      #####...     1%          3    None
f - Fireball              Conj/Fire      #####.....   3%          5    #####..


Dungeon Overview and Level Annotations

Branches:
Dungeon (1/1)

Altars:
Ashenzari
Cheibriados
Dithmenos
Elyvilon
Fedhas
Gozag
Hepliaklqana
Kikubaaqudgha
Makhleb
Nemelex Xobeh
Okawaru
Qazlal
Ru
Sif Muna
Trog
Uskayaw
Vehumet
Wu Jian
Xom
Yredelemnul
Zin
The Shining One
Beogh
Jiyva
Lugonu


Message History

The hungry ghost is moderately damaged.
The hungry ghost is engulfed in blazing flames.
The hungry ghost hits you.
You feel a lot more hungry.
You miss the hungry ghost.
The hungry ghost is heavily damaged.
The hungry ghost is engulfed in blazing flames.
The hungry ghost hits you.
You feel a lot more hungry.
You barely miss the hungry ghost.
The hungry ghost is severely damaged.
The hungry ghost is engulfed in blazing flames.
The hungry ghost explodes!
The fiery explosion engulfs the jelly.
You kill the jelly!
Vehumet accepts your kill.
Vehumet offers you knowledge of Iskenderun's Mystic Blast.
You feel your power returning.
Your Fire Magic skill increases to level 9!
The fiery explosion engulfs you!
Ouch! That really hurt!
You die...

#.#..########...<...#
#.#..)[))).##.......#
#.#..#[).).##.......#
#'###########.......#
#.......#Y. #########
#..#.#..#g#
#.##.##.#§#
#.......#§#
#.##.##.#@+
#..#.#..#'#
#.......'.#
###########


You could see an ice beast and a hobgoblin.

Vanquished Creatures
  An ice beast (D)
  A small abomination (D)
  A quasit (D)
  A jelly (D)
  An adder (D)
  A white imp (D)
  2 orcs (D)
  A bat skeleton (D)
  2 quokkas (D)
  A bat (D)
  3 frilled lizards (D)
  2 kobolds (D)
  A leopard gecko zombie (D)
18 creatures vanquished.

Vanquished Creatures (others)
  A deep elf blademaster (D)
1 creature vanquished.

Grand Total: 19 creatures vanquished

Notes
Turn   | Place    | Note
-------+----------+-------------------------------------------
     0 | D        | pipel the Deep Elf Fire Elementalist began the quest for the Orb.
     0 | D        | Reached XP level 1. HP: 10/10 MP: 6/6
    21 | D        | Killed a deep elf blademaster
    45 | D        | Found a glowing golden altar of the Shining One.
    45 | D        | Found a glowing silver altar of Zin.
    45 | D        | Found a basalt altar of Yredelemnul.
    45 | D        | Found a shimmering altar of Xom.
    45 | D        | Found an ornate altar of the Wu Jian Council.
    45 | D        | Found a bloodstained altar of Trog.
    45 | D        | Found a deep blue altar of Sif Muna.
    45 | D        | Found a sacrificial altar of Ru.
    45 | D        | Found a stormy altar of Qazlal.
    45 | D        | Found an iron altar of Okawaru.
    45 | D        | Found a sparkling altar of Nemelex Xobeh.
    45 | D        | Found a burning altar of Makhleb.
    45 | D        | Found a viscous altar of Jiyva.
    45 | D        | Found a hazy altar of Hepliaklqana.
    45 | D        | Found an opulent altar of Gozag.
    45 | D        | Found a blossoming altar of Fedhas.
    45 | D        | Found a white marble altar of Elyvilon.
    45 | D        | Found a shadowy altar of Dithmenos.
    45 | D        | Found a snail-covered altar of Cheibriados.
    46 | D        | Found a radiant altar of Vehumet.
    46 | D        | Found a corrupted altar of Lugonu.
    46 | D        | Found a roughly hewn altar of Beogh.
    47 | D        | Found a hide-covered altar of Uskayaw.
    47 | D        | Found an ancient bone altar of Kikubaaqudgha.
    47 | D        | Found a shattered altar of Ashenzari.
    54 | D        | Became a worshipper of Vehumet
    75 | D        | Reached skill level 4 in Fire Magic
    75 | D        | Reached XP level 2. HP: 15/15 MP: 0/8
   156 | D        | Reached * piety under Vehumet
   156 | D        | Offered knowledge of Magic Dart by Vehumet.
   186 | D        | Reached skill level 5 in Fire Magic
   292 | D        | Reached ** piety under Vehumet
   323 | D        | Offered knowledge of Shock by Vehumet.
   646 | D        | Reached *** piety under Vehumet
   646 | D        | Offered knowledge of Stone Arrow by Vehumet.
   653 | D        | Learned a level 2 spell: Throw Flame
   674 | D        | Noticed an ice beast
   680 | D        | Killed an ice beast
   680 | D        | Reached skill level 7 in Fire Magic
   680 | D        | Reached XP level 3. HP: 19/19 MP: 7/13
   680 | D        | Reached XP level 4. HP: 24/24 MP: 7/14
   688 | D        | Learned a level 3 spell: Inner Flame
   693 | D        | Learned a level 4 spell: Sticky Flame
   698 | D        | Learned a level 3 spell: Conjure Flame
   775 | D        | Reached **** piety under Vehumet
   775 | D        | Reached skill level 8 in Fire Magic
   775 | D        | Reached skill level 1 in Evocations
   775 | D        | Reached XP level 5. HP: 25/28 MP: 13/17
   782 | D        | Learned a level 5 spell: Fireball
   815 | D        | Offered knowledge of Static Discharge by Vehumet.
   815 | D        | Reached skill level 1 in Polearms
   815 | D        | Reached skill level 5 in Dodging
  1071 | D        | Noticed an ice beast
  1071 | D        | Noticed a hungry ghost
  1076 | D        | Killed a hungry ghost
  1076 | D        | Offered knowledge of Iskenderun's Mystic Blast by Vehumet.
  1076 | D        | Reached skill level 9 in Fire Magic
  1076 | D        | Killed from afar by a hungry ghost

Vault maps used:
D:        pitsprint

Skill      XL: |  1  2  3  4  5 |
---------------+----------------+-----
Dodging        | 3 4 5 |  5.1
Fire Magic     | 4 7 8 9 |  9.2
Spellcasting   | 6 7 8 |  8.8
Stealth        | 3 4 |  4.5
Conjurations   | 3 4 |  4.7
Evocations     | 1 |  1.1
Polearms       | 1 |  1.2
Fighting       | |  0.6
Throwing       | |  0.7

Action                   |  1- 3 |  4- 6 || total
-------------------------+-------+-------++-------
Melee: Trident           |     9 |     3 ||    12
Throw: Stone             |     3 |       ||     3
 Cast: Flame Tongue      |    31 |     5 ||    36
       Sticky Flame      |       |     2 ||     2
       Conjure Flame     |       |     1 ||     1
       Inner Flame       |       |     1 ||     1
Evoke: Staff of energy   |     2 |       ||     2
  Eat: Bread ration      |       |     1 ||     1
Armor: Robe              |     4 |     1 ||     5
Dodge: Dodged            |    17 |     7 ||    24

Table legend:
 A = Spawn XP
 B = Non-spawn XP
 C = Spawn XP percentage of total XP
 D = Spawn monster count
 E = Non-spawn monster count
 F = Spawn count percentage of total count
 G = Total turns spent on level
                    A         B        C        D         E        F      G
               +---------+---------+-------+---------+---------+-------+---------
         Total |       0 |     369 |   0.0 |       0 |      18 |   0.0 |  1076
               +---------+---------+-------+---------+---------+-------+---------
             D |       0 |     369 |   0.0 |       0 |      18 |   0.0 |  1076
               +---------+---------+-------+---------+---------+-------+---------
